 Dungeon Crawl Stone Soup version 0.29.1-15-g9cfb28693d (webtiles) character file.

Game seed: 3143084706405542472

1669 croobank the Covert (level 9, 0/62 HPs)
             Began as an Octopode Delver on Mar 11, 2023.
             Was an Initiate of Gozag.
             Slain by a wyvern (13 damage)
             ... on level 6 of the Dungeon.
             The game lasted 00:20:18 (7271 turns).

croobank the Covert (Octopode Delver)               Turns: 7271, Time: 00:20:18

Health: 0/62       AC:  5    Str: 11    XL:     9   Next: 1%
Magic:  15/15      EV: 19    Int: 16    God:    Gozag
Gold:   369        SH:  0    Dex: 14    Spells: 16/16 levels left

rFire   . . .      SeeInvis .   a - +1 hand axe (venom)
rCold   . . .      Faith    .   (no shield)
rNeg    . . .      Spirit   .   (helmet restricted)
rPois   .          Reflect  .   (no amulet)
rElec   .          Harm     .   k - +4 ring of evasion
rCorr   .          Rampage  .   j - +4 ring of protection
Will    .....                   (no ring)
Stlth   +++++.....              (no ring)
HPRegen 0.20/turn               (no ring)
MPRegen 0.14/turn               (no ring)
                                (no ring)
                                (no ring)

@: hasted, very quick
A: almost no armour, amphibious, 8 rings, camouflage 1, gelatinous body 1,
(nimble swimmer 1), tentacles
a: Renounce Religion, Potion Petition, Call Merchant, Bribe Branch


You were on level 6 of the Dungeon.
You worshipped Gozag.
Gozag was aware of your devotion.
You visited 2 branches of the dungeon, and saw 7 of its levels.

You collected 464 gold pieces.
You paid 95 gold pieces to Gozag.

Inventory:

Hand Weapons
 a - a +1 hand axe of venom (weapon)
 b - a +0 sling
 l - a +0 short sword
 o - a +3 vampiric rapier
 s - a +0 short sword of speed
 x - a +0 morningstar
Missiles
 r - 10 boomerangs
 u - 8 poisoned darts (quivered)
 A - 2 atropa-tipped darts
Armour
 y - an orb of wrath
Magical Staves
 v - a staff of earth
Jewellery
 j - a +4 ring of protection (right tentacle)
 k - a +4 ring of evasion (left tentacle)
Wands
 f - a wand of digging (3)
Scrolls
 c - 5 scrolls of magic mapping
 m - 2 scrolls of torment
 w - a scroll of noise
 B - a scroll of poison
 C - 2 scrolls of fog
Potions
 d - 3 potions of flight
 h - 4 potions of curing
 i - a potion of attraction
 n - a potion of cancellation
 p - 2 potions of degeneration {unknown}
 q - 4 potions of brilliance {unknown}
 t - a potion of magic
 z - a potion of lignification {unknown}
 D - a potion of mutation {unknown}


   Skills:
 + Level 5.7 Fighting
 + Level 5.3 Axes
 + Level 5.2 Dodging
 + Level 9.7 Stealth
 + Level 4.2 Spellcasting


You had 16 spell levels left.
You didn't know any spells.
Your spell library contained the following spells:

 Spells                   Type           Power      Damage    Failure   Level
 Tukima's Dance           Hex            3%         N/A       45%         3
 Passage of Golubria      Tloc           3%         N/A       86%         4
 Yara's Violent Unravell  Hex/Tmut       1%         3d3       99%         5


Dungeon Overview and Level Annotations

Branches:
Dungeon (6/15)             Temple (1/1) D:5

Altars:
Ashenzari
Dithmenos
Elyvilon
Fedhas
Gozag
Hepliaklqana
Kikubaaqudgha
Makhleb
Nemelex Xobeh
Okawaru
Ru
Sif Muna
Vehumet
Wu Jian
Xom
Yredelemnul
Zin
The Shining One

Shops:
D:4 :

Annotations:
D:3 exclusion: downstairs
D:4 3 runed translucent doors, Ast3rio's ghost, amateur GnCA; Crazy Yiuf
D:6 Grinder; Menkaure


Innate Abilities, Weirdness & Mutations

You cannot wear most types of armour.
You are amphibious.
You can wear up to eight rings at the same time.
Your skin changes colour to match your surroundings (Stealth+).
Your rubbery body absorbs attacks. (AC +1, EV +1)
((You are camouflaged when in or above water. (Stealth+)))
You have tentacles for arms and can constrict up to eight enemies at once.


Message History

The wyvern barely misses you.
You hit the wyvern but do no damage.
The wyvern is lightly wounded.
The wyvern bites you!
You hit the wyvern. You squeeze the wyvern!
The wyvern is severely wounded.
The wyvern bites you!
Menkaure shouts, "You disturbed my rest!
Die!"
Menkaure casts a spell at you. Pain shoots through your body!
You feel much better. The wyvern bites you!
Menkaure calls on the powers of darkness!
Your body is wracked with pain!
* * * LOW HITPOINT WARNING * * *
You feel much better. The wyvern closely misses you.
You hit the wyvern but do no damage.
Your tentacle-slap misses the wyvern.
Your squeeze misses the wyvern.
The wyvern is heavily wounded.
The wyvern barely misses you.
Your +1 hand axe of venom begins to drip with poison!
a - a +1 hand axe of venom (weapon)
The wyvern bites you.
You hit the wyvern but do no damage.
The wyvern is heavily wounded.
You hit Menkaure. The wyvern misses you.
Menkaure gestures at you while chanting.
Pain shoots through your body!
Okay, then.
You hit Menkaure but do no damage. You grab Menkaure. You squeeze Menkaure!
Menkaure is heavily damaged.
You hit the wyvern but do no damage.
The wyvern is poisoned.
You constrict Menkaure. The wyvern misses you. Menkaure hits you!
* * * LOW HITPOINT WARNING * * *
You closely miss the wyvern.
The wyvern is heavily wounded.
You hit Menkaure.
You constrict Menkaure, but do no damage.
The wyvern bites you!
You die...
Your body crumbles into a pile of gold.

.........$$$.....#
............$?...#
......###........#
?....# #.......#.+
#....##......####
#...............##+##.#
#......................
#..................#..#
#M.........#M@.....## .
...........#l..##...#..
...............###.....
....................#...
..............(...####..
.................## ..
.................#
................# ...
..............###


You could see a wyvern (very poisoned) and Menkaure (fast).

Vanquished Creatures
  Sigmund (D:4)
  A wyvern (D:4)
  Eustachio (D:4)
  An ice beast (D:5)
  An ogre (D:5)
  A bullfrog (D:5)
  A necrophage (D:5)
  5 scorpions
  2 hounds
  A jelly (D:5)
  3 orc priests
  A gnoll bouda (D:6)
  5 iguanas (D:5)
  Ijyb (D:3)
  An orc wizard (D:6)
  Robin (D:4)
  7 gnolls
  5 adders
  A worm (D:2)
  2 dart slugs
  17 orcs
  2 endoplasms
  3 giant cockroaches
  15 goblins
  6 hobgoblins
  5 jackals
  A quokka (D:1)
  12 ball pythons
  9 bats
  A frilled lizard (D:3)
  7 kobolds
  4 rats
124 creatures vanquished.

Notes
Turn   | Place    | Note
-------+----------+-------------------------------------------
     0 | D:5      | croobank the Octopode Delver began the quest for the Orb.
     0 | D:5      | Reached XP level 1. HP: 16/16 MP: 1/1
     1 | D:6      | Noticed Grinder
     1 | D:6      | Noticed a bullfrog
    36 | D:6      | Noticed an orc priest
    36 | D:6      | Noticed an orc priest
    36 | D:6      | Noticed a gnoll bouda
    37 | D:6      | Noticed a brown ugly thing
    56 | D:5      | Noticed an iguana
    83 | D:5      | Found a staircase to the Ecumenical Temple.
   108 | D:5      | Noticed an iguana
   146 | D:4      | Found Vyeq's Book Emporium.
   146 | D:4      | Noticed Robin
   268 | D:2      | Reached XP level 2. HP: 20/21 MP: 2/2
   550 | D:1      | Reached XP level 3. HP: 25/26 MP: 3/3
   617 | D:1      | Found a faded altar of an unknown god.
  1337 | D:2      | Reached skill level 1 in Spellcasting
  1551 | D:2      | Reached skill level 7 in Stealth
  2301 | D:3      | Reached XP level 4. HP: 31/31 MP: 5/5
  2639 | D:3      | Noticed Ijyb
  2655 | D:3      | Paralysed by Ijyb for 5 turns
  2664 | D:3      | Killed Ijyb
  2665 | D:3      | Reached XP level 5. HP: 12/37 MP: 7/7
  3296 | D:4      | Noticed a wyvern
  3303 | D:4      | Killed a wyvern
  3304 | D:4      | Reached XP level 6. HP: 23/43 MP: 7/9
  3802 | D:4      | Noticed Eustachio
  3810 | D:4      | Killed Eustachio
  3811 | D:4      | Reached skill level 8 in Stealth
  3811 | D:4      | Reached XP level 7. HP: 49/49 MP: 10/10
  3903 | D:4      | Killed Robin
  3908 | D:4      | Noticed Sigmund
  3918 | D:4      | Found a large runed translucent door.
  3920 | D:4      | Found a large runed translucent door.
  3920 | D:4      | Noticed Ast3rio's ghost (amateur GnCA)
  4037 | Temple   | Entered the Ecumenical Temple
  4043 | Temple   | Became a worshipper of Gozag Ym Sagoz the Greedy
  4991 | D:5      | Reached XP level 8. HP: 36/54 MP: 12/12
  5135 | D:5      | Reached skill level 5 in Fighting
  5192 | D:5      | Reached skill level 9 in Stealth
  5417 | D:4      | Killed Sigmund
  5856 | D:4      | Found a runed translucent door.
  5857 | D:4      | Noticed Crazy Yiuf
  6319 | D:5      | Reached skill level 5 in Axes
  6322 | D:5      | Reached skill level 5 in Dodging
  7243 | D:6      | Noticed a wyvern
  7245 | D:6      | Reached XP level 9. HP: 30/62 MP: 15/15
  7250 | D:6      | Noticed Menkaure
  7271 | D:6      | Slain by a wyvern

Illustrated notes

Levels and vault maps discovered:
D:1:      sevenhm_arrival_forest_fort_large_3, layout_basic,
          nicolae_ecumenical_snake_handling, minivault_14,
          grunt_decor_one_mirror
D:2:      layout_basic, minmay_pentomino_o4
D:3:      layout_loops_ring, uniq_ijyb
D:4:      layout_loops_corners, serial_shops, shop, ebering_ghost_disaster_area,
          minmay_misc_feat_roman, uniq_eustachio, uniq_crazy_yiuf_cottage,
          uniq_sigmund, uniq_robin
D:5:      minmay_general_purpose_star, layout_rooms, minmay_temple_entry_hall
D:6:      layout_cave_pools, biasface_ghost_orc_armoury, grunt_ministairs_13,
          uniq_edmund, uniq_grinder, uniq_menkaure
Temple:   nicolae_temple_no_exploring_needed

Skill      XL: |  1  2  3  4  5  6  7  8 |
---------------+-------------------------+-----
Spellcasting   | 1 2 3 4 |  4.2
Stealth        | 7 8 9 |  9.7
Axes           | 3 4 5 |  5.3
Dodging        | 3 4 5 |  5.2
Fighting       | 4 5 |  5.7

Action                   |  1- 3 |  4- 6 |  7- 9 || total
-------------------------+-------+-------+-------++-------
Melee: Hand axe          |    62 |       |    27 ||    89
       Constrict         |    14 |    20 |    34 ||    68
       Tentacles         |     9 |    19 |    51 ||    79
       Short sword       |    14 |    95 |   135 ||   244
       Punch             |       |       |     3 ||     3
Throw: Dart              |       |       |     6 ||     6
Evoke: Wand              |       |     2 |     4 ||     6
  Use: Scroll            |     1 |     8 |     7 ||    16
       Potion            |       |       |     6 ||     6
 Stab: Sleeping          |    19 |     7 |     8 ||    34
       Distracted        |     1 |       |     1 ||     2
       Paralysed         |       |     4 |     4 ||     8
Armor: Skin              |     4 |     7 |    10 ||    21
Dodge: Dodged            |    36 |    56 |   105 ||   197
